[Event "December 19 Early 2023"]
[Site "https://www.chess.com"]
[Date "2023.12.19"]
[Round "8"]
[White "Karttunen, Mika"]
[Black "Kukhmazov, Arsen"]
[Result "0-1"]
[Board "42"]
[TimeControl "180+1"]
[WhiteFideId "502081"]
[BlackFideId "24108260"]
[WhiteElo "2396"]
[BlackElo "2397"]
[WhiteTeam "FIN"]
[BlackTeam "FID"]
[WhiteClock "0:00:04"]
[BlackClock "0:00:11"]

1. c4 c6 2. Nc3 d5 3. e3 Nf6 4. Nf3 e6 5. b3 Bd6 6. Bb2 O-O 7. d4 Nbd7 8. Be2 b6 9. O-O Bb7 10. h3 Qe7 11. a3 Rac8 12. Nd2 c5 13. cxd5 exd5 14. Bf3 cxd4 15. exd4 Ne4 16. Bxe4 dxe4 17. Nc4 Bb8 18. d5 Nc5 19. d6 Qg5 20. Ne2 Nd3 21. Bd4 Rfd8 22. Be3 Qf6 23. f3 Qe6 24. fxe4 Qxe4 25. Rf3 Bxd6 26. Nxd6 Rxd6 27. Qf1 Ne5 28. Rg3 Rg6 29. Re1 Ba6 30. Qf4 Qxf4 31. Bxf4 Nd3 32. Rxg6 hxg6 33. Rd1 Re8 34. Rd2 Nxf4 35. Nxf4 Re3 36. Nd5 Rxb3 37. Nc7 Bc4 38. Rd8+ Kh7 39. Ne8 Rxa3 40. Nd6 Bd5 41. Ne8 Ra1+ 42. Kh2 Bc6 43. Nc7 Ra2 44. Kg3 Rxg2+ 45. Kf4 g5+ 46. Ke5 f6+ 47. Kd6 Rd2+ 48. Ke7 Rxd8 49. Kxd8 Bg2 0-1

[Event "December 19 Early 2023"]
[Site "https://www.chess.com"]
[Date "2023.12.19"]
[Round "8"]
[White "Jumabayev, Rinat"]
[Black "Thorfinnsson, Bragi"]
[Result "1-0"]
[Board "43"]
[TimeControl "180+1"]
[WhiteFideId "13702661"]
[BlackFideId "2300958"]
[WhiteElo "2561"]
[BlackElo "2325"]
[WhiteTeam "KAZ"]
[BlackTeam "ISL"]
[WhiteClock "0:00:13"]
[BlackClock "0:00:03"]

1. d4 Nf6 2. c4 e6 3. Nf3 b6 4. g3 Bb7 5. Bg2 Bb4+ 6. Bd2 a5 7. O-O O-O 8. Bf4 Be7 9. Qd3 Be4 10. Qe3 Bb7 11. Nc3 d6 12. Qd3 Nh5 13. Ng5 g6 14. Bxb7 Ra7 15. Bg2 Bxg5 16. Bxg5 Qxg5 17. Nb5 Ra6 18. Nxc7 Ra7 19. Nb5 Rd7 20. Rad1 Rc8 21. e3 Ng7 22. a3 h5 23. h4 Qe7 24. Rc1 Nc6 25. Rfd1 Na7 26. Nc3 Rdc7 27. b3 d5 28. cxd5 Qxa3 29. dxe6 Nxe6 30. Bd5 Qd6 31. Ne4 Qe7 32. Bxe6 Rxc1 33. Bxc8 Rxd1+ 34. Qxd1 Nxc8 35. Qc2 Nd6 36. Ng5 Nf5 37. Qc6 Qb4 38. Qe8+ Qf8 39. Qb5 Qd8 40. Nf3 Nd6 41. Qd5 Qc7 42. Ne5 Kg7 43. Nc6 Nf5 44. Qe5+ Qxe5 45. Nxe5 b5 46. Kf1 a4 47. bxa4 bxa4 48. Nc4 Nd6 49. Na3 Kf6 50. f3 Ke6 51. e4 f5 52. e5 Ne8 53. Ke2 Kd5 54. Kd3 Nc7 55. Nc2 Nb5 56. Nb4+ Ke6 57. f4 a3 58. d5+ Kd7 59. Kc4 Nc7 60. Na2 g5 61. hxg5 Ne8 62. Nc3 Ng7 63. Kb3 h4 64. gxh4 Nh5 65. Ne2 Nxf4 66. Nxf4 a2 67. Kxa2 1-0

[Event "December 19 Early 2023"]
[Site "https://www.chess.com"]
[Date "2023.12.19"]
[Round "8"]
[White "Ezat, Mohamed"]
[Black "Harutjunyan, Gevorg"]
[Result "0-1"]
[Board "44"]
[TimeControl "180+1"]
[WhiteFideId "10600906"]
[BlackFideId "13300873"]
[WhiteElo "2367"]
[BlackElo "2436"]
[WhiteTeam "EGY"]
[BlackTeam "ARM"]
[WhiteClock "0:00:00"]
[BlackClock "0:00:06"]

1. d4 d5 2. c4 Nc6 3. cxd5 Qxd5 4. e3 e5 5. Nc3 Bb4 6. Bd2 Bxc3 7. Bxc3 exd4 8. Ne2 Bg4 9. f3 Bxf3 10. gxf3 Qxf3 11. Bxd4 Nxd4 12. Qxd4 Qxh1 13. Qxg7 O-O-O 14. Qxh8 Qxh2 15. Qg7 Qh4+ 16. Qg3 Qb4+ 17. Kf2 Nf6 18. Qf4 Ne4+ 19. Kg1 Qxb2 20. Rc1 Nd6 21. Qd4 Rg8+ 22. Kh2 Qb6 23. Nf4 Kb8 24. Qxb6 axb6 25. Nd5 Re8 26. Kg3 c6 27. Nxb6 Rxe3+ 28. Kf4 Re4+ 29. Kf3 Rb4 30. Nd7+ Kc7 31. Nc5 Rb2 32. a4 b6 33. Nd3 Rb3 34. Kf4 f6 35. Be2 c5 36. a5 c4 37. axb6+ Kxb6 38. Nf2 Rb4 39. Ke3 Rb3+ 40. Kd4 Rb2 41. Ke3 Nf5+ 42. Kf4 Rxe2 43. Ne4 Nd4 44. Rb1+ Kc6 45. Nc3 Re5 46. Na4 Ne6+ 0-1

[Event "December 19 Early 2023"]
[Site "https://www.chess.com"]
[Date "2023.12.19"]
[Round "8"]
[White "Kavyev, Ruslan"]
[Black "Haug, Havard"]
[Result "0-1"]
[Board "45"]
[TimeControl "180+1"]
[WhiteFideId "34110981"]
[BlackFideId "1547887"]
[WhiteElo "2336"]
[BlackElo "2343"]
[WhiteTeam "RUS"]
[BlackTeam "NOR"]
[WhiteClock "0:00:00"]
[BlackClock "0:02:17"]

1. d4 b6 2. c4 Bb7 3. Nf3 e6 4. g3 Bxf3 5. exf3 Nf6 6. Bg2 d5 7. O-O Be7 8. f4 O-O 9. Nc3 c6 10. b3 Qd7 11. Be3 Rd8 12. Rc1 Na6 13. Qe2 Nc7 14. Rfd1 Rac8 15. h3 h5 16. Bf3 g6 17. Kg2 Bb4 18. Qb2 Bxc3 19. Qxc3 Nce8 20. Qc2 Nd6 21. Qe2 Nf5 22. Qb2 Kg7 23. a3 Qe7 24. b4 dxc4 25. Rxc4 Nd5 26. Qe2 Qf6 27. Rdc1 h4 0-1

[Event "December 19 Early 2023"]
[Site "https://www.chess.com"]
[Date "2023.12.19"]
[Round "8"]
[White "Vlassov, Nikolai"]
[Black "Brodsky, David"]
[Result "1-0"]
[Board "46"]
[TimeControl "180+1"]
[WhiteFideId "4103360"]
[BlackFideId "2073250"]
[WhiteElo "2351"]
[BlackElo "2814"]
[WhiteTeam "FID"]
[BlackTeam "USA"]
[WhiteClock "0:00:27"]
[BlackClock "0:00:05"]

1. e4 c5 2. c3 Nf6 3. e5 Nd5 4. d4 cxd4 5. cxd4 d6 6. Bc4 Nb6 7. Bb3 Nc6 8. e6 fxe6 9. Nf3 g6 10. h4 Bg7 11. h5 e5 12. dxe5 Nxe5 13. Nxe5 Bxe5 14. O-O Bf5 15. Nc3 Qd7 16. Be3 Be6 17. Bxb6 Bxb3 18. Qxb3 axb6 19. Nd5 Ra5 20. Rad1 Qf5 21. Rfe1 e6 22. Nc7+ Kd7 23. Qxb6 Rf8 24. Nb5 Rxb5 25. Qxb5+ Kc7 26. Qc4+ Kb8 27. Re2 Qxh5 28. g3 d5 29. Qb4 Qxe2 30. Qxf8+ Ka7 31. Qc5+ Kb8 32. Rc1 Qxb2 33. Re1 Bd4 34. Qf8+ Ka7 35. Rxe6 Qxa2 36. Re8 Qb1+ 37. Kg2 Qc2 38. Ra8+ Kb6 39. Qb4+ Kc7 1-0

[Event "December 19 Early 2023"]
[Site "https://www.chess.com"]
[Date "2023.12.19"]
[Round "8"]
[White "Yeremyan, Alen"]
[Black "Ambartsumova, Karina"]
[Result "1-0"]
[Board "47"]
[TimeControl "180+1"]
[WhiteFideId "13308998"]
[BlackFideId "4166299"]
[WhiteElo "2160"]
[BlackElo "2240"]
[WhiteTeam "ARM"]
[BlackTeam "RUS"]
[WhiteClock "0:02:09"]
[BlackClock "0:00:00"]

1. e4 e5 2. Nf3 Nc6 3. d4 exd4 4. Nxd4 Bc5 5. Nb3 Bb6 6. Nc3 Nf6 7. Bf4 O-O 8. Qd2 Re8 9. O-O-O d6 10. f3 a5 11. Bb5 Bd7 12. Rhe1 Ne5 13. Bxd7 Nfxd7 14. Nd5 a4 15. Nd4 c6 16. Ne3 Ba5 17. c3 a3 18. b4 Bc7 19. Ndf5 Qf6 20. h4 Nb6 21. Bg5 Qe6 22. Nd4 Qd7 23. Nef5 Nbc4 24. Qf4 c5 25. Nh6+ Kh8 26. Ndf5 cxb4 27. Nxg7 b3 28. Bf6 1-0

[Event "December 19 Early 2023"]
[Site "https://www.chess.com"]
[Date "2023.12.19"]
[Round "8"]
[White "Burovic, Rijad"]
[Black "Rustemov, Alexander"]
[Result "0-1"]
[Board "48"]
[TimeControl "180+1"]
[WhiteFideId "14407701"]
[BlackFideId "4119002"]
[WhiteElo "2384"]
[BlackElo "2781"]
[WhiteTeam "BIH"]
[BlackTeam "RUS"]
[WhiteClock "0:00:05"]
[BlackClock "0:00:30"]

1. e4 e6 2. d3 c5 3. g3 Nc6 4. Bg2 g6 5. f4 Bg7 6. Nf3 Nge7 7. O-O O-O 8. c3 b6 9. Be3 Ba6 10. Bf2 d6 11. Re1 Qd7 12. a4 Rac8 13. Na3 Rfd8 14. Bh3 Bb7 15. Rc1 d5 16. e5 d4 17. c4 a6 18. Bg2 Nf5 19. Nc2 Nce7 20. b3 h5 21. Ng5 Bxg2 22. Kxg2 b5 23. Ne4 bxa4 24. bxa4 Qxa4 25. Ra1 Qc6 26. Qf3 Rb8 27. Ra2 Rb6 28. Rea1 Rdb8 29. h3 Rb2 30. Rxa6 Qxa6 31. Rxa6 Rxc2 32. g4 Nh4+ 33. Kg3 Nxf3 34. Kxf3 hxg4+ 35. hxg4 Rb3 36. Nxc5 Rb8 37. Bxd4 Rc8 38. Nb7 Rd2 39. Ke3 Rg2 40. Kf3 Rd2 41. Ke3 Rd1 42. Nd6 Rd8 43. Bb6 Rf8 44. Bc5 g5 45. fxg5 Ng6 46. Ne4 Rd8 47. d4 Rg1 48. Nf6+ Bxf6 49. gxf6 Rxg4 50. Ra7 Rb8 51. Ra3 Rg3+ 0-1

[Event "December 19 Early 2023"]
[Site "https://www.chess.com"]
[Date "2023.12.19"]
[Round "8"]
[White "Rojas Alarcon, Julian Antonio"]
[Black "Samunenkov, Ihor"]
[Result "0-1"]
[Board "49"]
[TimeControl "180+1"]
[WhiteFideId "5107407"]
[BlackFideId "14187086"]
[WhiteElo "2340"]
[BlackElo "2473"]
[WhiteTeam "MEX"]
[BlackTeam "UKR"]
[WhiteClock "0:00:00"]
[BlackClock "0:00:05"]

1. c4 c5 2. g3 Nc6 3. Bg2 g6 4. Nf3 Bg7 5. O-O e5 6. Nc3 Nge7 7. a3 O-O 8. b4 d5 9. cxd5 Nxd5 10. Nxd5 Qxd5 11. Bb2 e4 12. Bxg7 Kxg7 13. Ne1 cxb4 14. axb4 Rd8 15. d3 Bf5 16. Nc2 Qe5 17. Ne3 exd3 18. Nxf5+ Qxf5 19. exd3 Rxd3 20. Qb1 Qd7 21. b5 Ne5 22. Re1 Nf3+ 23. Bxf3 Rxf3 24. b6 a6 25. Qb2+ Rf6 26. Rac1 Rc8 27. Rcd1 Qc6 28. Rc1 Qd7 29. Rcd1 Qb5 30. Qe5 Qxe5 31. Rxe5 Rxb6 32. Rd7 Rb1+ 33. Kg2 b5 34. Ra7 Rc6 35. Ree7 Rf6 36. f4 b4 37. Reb7 b3 38. Rb4 Rc6 39. Rab7 Rc3 40. Rd7 b2 41. Rbb7 Rc2+ 42. Kf3 Rf1+ 43. Kg4 h5+ 44. Kg5 Rc5+ 45. Kh4 g5+ 46. fxg5 b1=Q 47. Rxf7+ Rxf7 48. Rxb1 a5 49. Kxh5 a4 50. h4 a3 51. Ra1 Ra7 52. Kg4 a2 53. h5 Rb5 54. h6+ Kg6 55. Rf1 Rxg5+ 56. Kh4 a1=Q 0-1

[Event "December 19 Early 2023"]
[Site "https://www.chess.com"]
[Date "2023.12.19"]
[Round "8"]
[White "Ozates, Tuna"]
[Black "Krysa, Leandro"]
[Result "1-0"]
[Board "50"]
[TimeControl "180+1"]
[WhiteFideId "6354521"]
[BlackFideId "116807"]
[WhiteElo "2151"]
[BlackElo "2495"]
[WhiteTeam "TUR"]
[BlackTeam "ARG"]
[WhiteClock "0:00:11"]
[BlackClock "0:00:01"]

1. c4 c5 2. Nc3 g6 3. g3 Bg7 4. Bg2 Nc6 5. d3 d6 6. e4 e6 7. Nge2 Nge7 8. O-O O-O 9. Be3 Nd4 10. Qd2 b6 11. Rab1 Bb7 12. b4 Qd7 13. f4 Rab8 14. g4 f5 15. h3 Ba8 16. bxc5 bxc5 17. Ng3 Rxb1 18. Rxb1 e5 19. exf5 gxf5 20. Bxd4 cxd4 21. Nd5 Nxd5 22. cxd5 fxg4 23. f5 gxh3 24. Be4 Qf7 25. Qg5 Kh8 26. Nh5 h6 27. Qg4 Bf6 28. Kh2 Bg5 29. Rg1 Bxd5 30. Qxh3 Bxe4 31. dxe4 Qxa2+ 32. Rg2 Qg8 33. Qa3 Qf7 34. Ng3 Qc7 35. Qf3 Bf4 36. Kh3 Rg8 37. Nh5 Rxg2 38. Qxg2 Qf7 39. Qg4 Bg5 40. f6 Bxf6 41. Qc8+ Kh7 42. Qf5+ Kh8 43. Nxf6 d3 44. Qc8+ Kg7 45. Ne8+ Kg6 46. Qg4+ Kh7 47. Nxd6 Qg6 48. Qd7+ Qg7 49. Qf5+ Qg6 50. Qd7+ Qg7 51. Qd8 d2 52. Nf5 Qf7 53. Qxd2 a5 54. Qxh6+ Kg8 55. Qg5+ Kf8 56. Qd8+ Qe8 57. Qf6+ Qf7 58. Qh8+ Qg8 59. Qxe5 Qh7+ 60. Kg4 Qa7 61. Qh8+ Kf7 62. Qg7+ Ke6 63. Qxa7 1-0

[Event "December 19 Early 2023"]
[Site "https://www.chess.com"]
[Date "2023.12.19"]
[Round "8"]
[White "Tulchynskyi, Feliks"]
[Black "Haring, Filip"]
[Result "0-1"]
[Board "51"]
[TimeControl "180+1"]
[WhiteFideId "34127895"]
[BlackFideId "14933080"]
[WhiteElo "2131"]
[BlackElo "2375"]
[WhiteTeam "UKR"]
[BlackTeam "SVK"]
[WhiteClock "0:00:06"]
[BlackClock "0:00:02"]

1. c4 e5 2. Nc3 Bb4 3. Nf3 Nc6 4. Nd5 Be7 5. g3 Nf6 6. Bg2 d6 7. O-O Be6 8. Ne1 O-O 9. Nc2 Qd7 10. e4 Bg4 11. f3 Be6 12. d3 Ne8 13. Nce3 Nd4 14. b3 Bd8 15. Nc2 Nxc2 16. Qxc2 c6 17. Ne3 Bb6 18. Kh1 f5 19. exf5 Bxf5 20. Nxf5 Qxf5 21. f4 Nf6 22. fxe5 Qxe5 23. Bb2 Qg5 24. Bxf6 Rxf6 25. Rxf6 Qxf6 26. Rf1 Qe5 27. Qd1 Rf8 28. Rxf8+ Kxf8 29. Be4 g6 30. Kg2 Qb2+ 31. Kh3 Qxa2 32. Qg4 Qa6 33. Qc8+ Kg7 34. Qd7+ Kg8 35. Qe8+ Kg7 36. Qe7+ Kg8 37. Bf3 Qa1 38. Bg4 Qf1+ 39. Kh4 Bd4 40. Be6+ Kh8 41. Qe8+ Kg7 42. g4 Bf2+ 43. Kg5 Qc1# 0-1

[Event "December 19 Early 2023"]
[Site "https://www.chess.com"]
[Date "2023.12.19"]
[Round "8"]
[White "Yaran, Siar"]
[Black "Sharapov, Evgeny"]
[Result "1-0"]
[Board "52"]
[TimeControl "180+1"]
[WhiteFideId "6323006"]
[BlackFideId "14103133"]
[WhiteElo "2191"]
[BlackElo "2358"]
[WhiteTeam "TUR"]
[BlackTeam "UKR"]
[WhiteClock "0:01:19"]
[BlackClock "0:01:08"]

1. e4 c5 2. Nf3 d6 3. d4 cxd4 4. Nxd4 Nf6 5. Nc3 Nc6 6. Bc4 Qb6 7. Nde2 e6 8. O-O Be7 9. Bb3 O-O 10. Kh1 a6 11. f4 Na5 12. f5 Nxb3 13. cxb3 e5 14. Bg5 Qd8 15. Bxf6 Bxf6 16. Nd5 Bd7 17. Ng3 Bc6 18. Qg4 Bxd5 19. exd5 Qe7 20. Ne4 Rac8 21. Rac1 Kh8 22. Rc3 Rxc3 23. bxc3 b5 24. Rf3 Rc8 25. Qh5 h6 26. g4 Bg5 27. f6 g6 28. Qh3 1-0

[Event "December 19 Early 2023"]
[Site "https://www.chess.com"]
[Date "2023.12.19"]
[Round "8"]
[White "Martinez Reyes, Pedro Ramon"]
[Black "Koellner, Ruben Gideon"]
[Result "1-0"]
[Board "53"]
[TimeControl "180+1"]
[WhiteFideId "3901807"]
[BlackFideId "12993093"]
[WhiteElo "2327"]
[BlackElo "2347"]
[WhiteTeam "VEN"]
[BlackTeam "GER"]
[WhiteClock "0:00:14"]
[BlackClock "0:00:00"]

1. Nf3 a6 2. g3 b5 3. Bg2 Bb7 4. O-O e6 5. d3 Nf6 6. e4 Be7 7. e5 Nd5 8. c4 bxc4 9. dxc4 Nb6 10. Qe2 c5 11. Nc3 Nc6 12. Rd1 Qc7 13. Bf4 h6 14. h4 Rg8 15. h5 O-O-O 16. Ne4 Kb8 17. Nd6 Bxd6 18. exd6 Qc8 19. Qe3 e5 20. Qxc5 exf4 21. Qxb6 fxg3 22. fxg3 Rde8 23. Re1 Qd8 24. Qc5 Qa5 25. Qxa5 Nxa5 26. b3 Bxf3 27. Bxf3 Nb7 28. Kf2 Nxd6 29. Red1 Kc7 30. Rd5 Ne4+ 31. Kg2 d6 32. Ra5 Kb6 33. b4 Nd2 34. Bd5 Re2+ 35. Kh3 Rge8 36. Rc1 R8e5 37. Bxf7 Rxa5 38. bxa5+ Kxa5 39. c5 dxc5 40. Rxc5+ Kb4 41. Rc7 Nf3 42. Rb7+ Kc5 43. Bb3 Ng5+ 44. Kg4 Re4+ 45. Kf5 Re3 46. g4 Rf3+ 47. Kg6 Rf4 48. Kxg7 Rxg4 49. Kxh6 Ne4 50. Rf7 Kd4 51. Kh7 Ke5 52. h6 Nf6+ 53. Rxf6 Kxf6 54. Kh8 Rd4 55. h7 Rd8+ 56. Bg8 Kg6 57. a4 1-0

[Event "December 19 Early 2023"]
[Site "https://www.chess.com"]
[Date "2023.12.19"]
[Round "8"]
[White "Asish Panda"]
[Black "JonaszBaum"]
[Result "1-0"]
[Board "54"]
[TimeControl "180+1"]
[WhiteFideId "45012458"]
[WhiteElo "1767"]
[BlackElo "2695"]
[WhiteTeam "IND"]
[WhiteClock "0:00:44"]
[BlackClock "0:00:03"]

1. e4 c5 2. Nf3 Nc6 3. Bb5 d6 4. O-O Bd7 5. c3 a6 6. Ba4 Nf6 7. Re1 b5 8. Bc2 Bg4 9. h3 Bxf3 10. Qxf3 e6 11. d3 Be7 12. Nd2 O-O 13. Nf1 d5 14. Ng3 c4 15. d4 dxe4 16. Nxe4 Nd5 17. Bf4 a5 18. a3 b4 19. axb4 axb4 20. Rxa8 Qxa8 21. Bd6 b3 22. Bb1 h6 23. Bxe7 Ncxe7 24. Nc5 Nb6 25. Qg4 Kh8 26. Kh2 Qa1 27. Qe4 Ng6 28. Nxe6 Re8 29. Qc6 Rg8 30. Qxb6 fxe6 31. Qxe6 Nf8 32. Qxg8+ Kxg8 33. Bh7+ Kxh7 34. Rxa1 Kg6 35. Ra4 Kf5 36. Rxc4 Ke4 37. Rb4 1-0

[Event "December 19 Early 2023"]
[Site "https://www.chess.com"]
[Date "2023.12.19"]
[Round "8"]
[White "Cristobal, Manuel"]
[Black "Buksa, Nataliya"]
[Result "0-1"]
[Board "55"]
[TimeControl "180+1"]
[WhiteFideId "112879"]
[BlackFideId "14123622"]
[WhiteElo "2244"]
[BlackElo "2316"]
[WhiteTeam "ARG"]
[BlackTeam "UKR"]
[WhiteClock "0:00:00"]
[BlackClock "0:00:08"]

1. d4 d5 2. Nf3 e6 3. e3 Nf6 4. Bd3 Bd6 5. O-O a6 6. b3 b6 7. Bb2 O-O 8. Ne5 Bb7 9. Nd2 Ne4 10. f4 f6 11. Nec4 Nxd2 12. Nxd2 f5 13. c4 Nd7 14. a3 Nf6 15. b4 c5 16. dxc5 bxc5 17. Nb3 Qe7 18. bxc5 Bxc5 19. Nxc5 Qxc5 20. Bd4 Qe7 21. c5 Ne4 22. Rb1 Rab8 23. Bxe4 dxe4 24. Be5 Qxc5 25. Bxb8 Qxe3+ 26. Kh1 Rxb8 27. Qd6 Qa7 28. Qxe6+ Kh8 29. Qxf5 e3 30. Rfe1 h6 31. Qe5 Rd8 32. Qxe3 Qa8 33. Qf2 Bc6 34. Rbd1 Rf8 35. f5 Be4 36. Re2 Rxf5 37. Qh4 Bd5 38. Red2 Qc6 39. Qd4 Rg5 0-1

[Event "December 19 Early 2023"]
[Site "https://www.chess.com"]
[Date "2023.12.19"]
[Round "8"]
[White "Kurmangaliyeva, Liya"]
[Black "Timerkhanov, Alexander"]
[Result "0-1"]
[Board "56"]
[TimeControl "180+1"]
[WhiteFideId "13725831"]
[BlackFideId "24177938"]
[WhiteElo "2077"]
[BlackElo "2278"]
[WhiteTeam "KAZ"]
[BlackTeam "RUS"]
[WhiteClock "0:00:02"]
[BlackClock "0:00:18"]

1. d4 d5 2. c4 c6 3. Nf3 Nf6 4. Nc3 dxc4 5. g3 Bf5 6. Bg2 e6 7. O-O Nbd7 8. Nh4 Bg4 9. Qc2 Nb6 10. Rd1 Be7 11. Nf3 O-O 12. Ne5 Bh5 13. h3 Nfd7 14. g4 Bg6 15. Nxg6 hxg6 16. e4 Qc7 17. Be3 Rfe8 18. Qe2 Bd6 19. e5 Bf8 20. Ne4 c5 21. dxc5 Nxc5 22. Nd6 Bxd6 23. exd6 Qc8 24. Rac1 Rd8 25. b4 Nd3 26. Rxd3 cxd3 27. Qxd3 Qd7 28. Bf4 Nc8 29. Rd1 a5 30. b5 a4 31. h4 Ra5 32. Bf1 a3 33. h5 Ra4 34. Qe3 e5 35. Bxe5 Qxg4+ 36. Bg3 Qxd1 37. hxg6 Qd5 38. gxf7+ Qxf7 39. Bh3 Kf8 40. Be6 Qf6 41. d7 Ne7 42. Bh3 Rd4 43. Be5 Rd1+ 44. Kh2 Qg6 45. Qf4+ Kg8 46. Bg2 R1xd7 47. Bc7 Qh6+ 48. Qxh6 gxh6 49. Bxd8 Rxd8 50. Bxb7 Rd2 0-1

[Event "December 19 Early 2023"]
[Site "https://www.chess.com"]
[Date "2023.12.19"]
[Round "8"]
[White "Caruana, Fabiano"]
[Black "Dinu, Dumitru-Daniel"]
[Result "1-0"]
[Board "57"]
[TimeControl "180+1"]
[WhiteFideId "2020009"]
[BlackFideId "1208403"]
[WhiteElo "2815"]
[BlackElo "2240"]
[WhiteTeam "USA"]
[BlackTeam "ROU"]
[WhiteClock "0:01:52"]
[BlackClock "0:00:13"]

1. h3 e5 2. c4 Nf6 3. d3 Bb4+ 4. Nd2 d5 5. cxd5 Qxd5 6. a3 Bxd2+ 7. Bxd2 c5 8. e4 Qd6 9. b4 Nc6 10. bxc5 Qxc5 11. Nf3 O-O 12. Be2 Qd6 13. O-O Be6 14. Qb1 Qd7 15. Bc3 Nd4 16. Bxd4 exd4 17. Qb4 Rfd8 18. Rfc1 Rac8 19. Rxc8 Qxc8 20. Nxd4 a5 21. Qb6 Bd7 22. Nf3 Re8 23. Qxa5 Qc2 24. Qd2 Qa4 25. Qb4 Qc2 26. Nd4 Qc7 27. Rb1 Bc8 28. Nb5 Qc2 29. Qb2 Qc5 30. Rc1 Qb6 31. Qb4 Qe6 32. Nc7 Rd8 33. Nxe6 1-0

[Event "December 19 Early 2023"]
[Site "https://www.chess.com"]
[Date "2023.12.19"]
[Round "8"]
[White "Bettalli, Francesco"]
[Black "Zemlyanskii, Ivan"]
[Result "1-0"]
[Board "58"]
[TimeControl "180+1"]
[WhiteFideId "2816453"]
[BlackFideId "24249971"]
[WhiteElo "2226"]
[BlackElo "2418"]
[WhiteTeam "ITA"]
[BlackTeam "RUS"]
[WhiteClock "0:00:09"]
[BlackClock "0:00:01"]

1. e4 c5 2. Nc3 e6 3. Nge2 Nc6 4. d4 cxd4 5. Nxd4 Nf6 6. Nxc6 bxc6 7. e5 Nd5 8. Ne4 Qc7 9. f4 Rb8 10. c4 Bb4+ 11. Ke2 O-O 12. a3 Be7 13. cxd5 cxd5 14. Nd6 f6 15. Nxc8 Rfxc8 16. Qd4 fxe5 17. fxe5 Qc2+ 18. Ke1 Bc5 19. Qd2 Qe4+ 20. Qe2 Qg6 21. Bf4 Bd4 22. Qd3 Bxb2 23. Qxg6 hxg6 24. Ra2 g5 25. Bg3 Bd4 26. Bd3 Rb3 27. Kd2 Bc3+ 28. Ke2 Ba5 29. Rd1 Rbb8 30. Bf2 a6 31. Bd4 Bb6 32. Bxb6 Rxb6 33. Rc2 Rcb8 34. Rdc1 Kf7 35. Rc8 Ke7 36. Rxb8 Rxb8 37. g4 Rb2+ 38. Rc2 Rb3 39. a4 Ra3 40. Bxa6 Rxa4 41. Bb5 Rb4 42. Rc5 d6 43. Rc7+ Kd8 44. Rd7+ Kc8 45. Bc6 dxe5 46. Rxg7 Rxg4 47. Bd7+ Kc7 48. Bxe6+ Kd6 49. Bxg4 e4 50. Rxg5 Kc5 51. Be6 Kd6 52. Rxd5+ Kxe6 53. Rd4 Ke5 54. Ke3 1-0

[Event "December 19 Early 2023"]
[Site "https://www.chess.com"]
[Date "2023.12.19"]
[Round "8"]
[White "Novikov, Evgenij"]
[Black "Klukin, Kirill"]
[Result "1-0"]
[Board "59"]
[TimeControl "180+1"]
[WhiteFideId "4125380"]
[BlackFideId "24199273"]
[WhiteElo "2242"]
[BlackElo "2348"]
[WhiteTeam "RUS"]
[BlackTeam "RUS"]
[WhiteClock "0:00:13"]
[BlackClock "0:00:03"]

1. d4 Nf6 2. c4 Nc6 3. Nf3 e6 4. e3 Bb4+ 5. Bd2 Qe7 6. Bxb4 Qxb4+ 7. Qd2 Ne4 8. Qxb4 Nxb4 9. Na3 d6 10. Nd2 Nf6 11. Be2 b6 12. Bf3 c6 13. O-O Bb7 14. Nb5 Ke7 15. Nc3 a5 16. a3 Na6 17. Rab1 Nc7 18. Rfc1 Rhb8 19. b3 c5 20. a4 cxd4 21. exd4 d5 22. Nb5 Nxb5 23. axb5 dxc4 24. bxc4 a4 25. Kf1 a3 26. Ke2 Bxf3+ 27. Nxf3 Nd7 28. Kd3 Rc8 29. Rc2 f6 30. Ra2 e5 31. Rb3 Ra4 32. Rbxa3 Raxc4 33. dxe5 fxe5 34. Ke3 Kf6 35. Ra7 Rc3+ 36. Ke2 Nc5 37. Nd2 Ke6 38. Rxg7 Rf8 39. Raa7 Nd3 40. Rae7+ Kf6 41. Ne4+ Kf5 42. Nxc3 Nf4+ 43. Kf1 Rc8 44. g4+ Kf6 45. Ne4# 1-0

[Event "December 19 Early 2023"]
[Site "https://www.chess.com"]
[Date "2023.12.19"]
[Round "8"]
[White "Dyachuk, Artem"]
[Black "Smolka, Marcin"]
[Result "1-0"]
[Board "60"]
[TimeControl "180+1"]
[WhiteFideId "34107924"]
[BlackFideId "1139681"]
[WhiteElo "2244"]
[BlackElo "2117"]
[WhiteTeam "UKR"]
[BlackTeam "POL"]
[WhiteClock "0:02:08"]
[BlackClock "0:01:50"]

1. e4 c5 2. Nf3 e6 3. d4 cxd4 4. Nxd4 Nc6 5. Nc3 Qc7 6. g3 a6 7. Bg2 b5 8. O-O Bb7 9. Re1 Bc5 10. Nxc6 dxc6 11. e5 Rd8 12. Qg4 Kf8 13. Ne4 Be7 14. Bf4 h5 15. Qe2 Nh6 16. Nd6 Nf5 17. Nxf5 exf5 18. e6 Bd6 19. Rad1 Bxf4 20. e7+ 1-0

[Event "December 19 Early 2023"]
[Site "https://www.chess.com"]
[Date "2023.12.19"]
[Round "8"]
[White "Souleidis, Georgios"]
[Black "Suyarov, Mukhammadzokhid"]
[Result "0-1"]
[Board "61"]
[TimeControl "180+1"]
[WhiteFideId "4206827"]
[BlackFideId "14210495"]
[WhiteElo "2401"]
[BlackElo "2449"]
[WhiteTeam "GRE"]
[BlackTeam "UZB"]
[WhiteClock "0:00:00"]
[BlackClock "0:01:39"]

1. e4 e6 2. d4 d6 3. Nc3 Nd7 4. Nf3 Ne7 5. Bd3 c5 6. O-O Ng6 7. Re1 cxd4 8. Nxd4 Be7 9. Bf1 O-O 10. g3 Nf6 11. Bg2 Bd7 12. h4 Ne5 13. b3 Rc8 14. Bb2 Qa5 15. Nce2 Neg4 16. c4 e5 17. Nc2 Qb6 18. Rf1 d5 19. exd5 Bc5 20. Qe1 Nxf2 21. Rxf2 Ng4 22. Ncd4 exd4 23. Rf4 d3+ 24. Nd4 Rce8 25. Qd2 Re2 26. Qxd3 Rxb2 27. Raf1 Qb4 28. Kh1 Rd2 0-1

[Event "December 19 Early 2023"]
[Site "https://www.chess.com"]
[Date "2023.12.19"]
[Round "8"]
[White "Chan, Yi Ren Daniel"]
[Black "Belov, Alexei"]
[Result "0-1"]
[Board "62"]
[TimeControl "180+1"]
[WhiteFideId "5801583"]
[BlackFideId "4128206"]
[WhiteElo "2375"]
[BlackElo "2580"]
[WhiteTeam "SGP"]
[BlackTeam "RUS"]
[WhiteClock "0:00:05"]
[BlackClock "0:00:57"]

1. e4 e6 2. Nf3 d5 3. Nc3 Nf6 4. e5 Nfd7 5. d4 c5 6. dxc5 Nc6 7. Bf4 Bxc5 8. Bd3 f6 9. exf6 Nxf6 10. Qe2 O-O 11. O-O-O Bd7 12. Bg5 Qa5 13. Ne5 Nxe5 14. Qxe5 Bxf2 15. Rhf1 Qb6 16. Rd2 Bd4 17. Qg3 Ne4 18. Rxf8+ Rxf8 19. Bxe4 dxe4 20. Rd1 Bc6 21. Be7 Re8 22. Bg5 e3 23. Rd3 e2 24. Nxe2 Bxb2+ 25. Kd1 Bb5 26. Rd6 Qc5 27. Be3 Bxe2+ 28. Kxe2 Qxc2+ 29. Rd2 Qc4+ 30. Kd1 Qc1+ 31. Ke2 Bc3 32. Rd7 Qc2+ 33. Bd2 Qe4+ 34. Be3 Qc4+ 35. Kd1 Qxa2 36. Bd2 Qb1+ 37. Ke2 Qe4+ 38. Kd1 Qa4+ 39. Ke2 Qxd7 40. Bxc3 e5 41. Qe3 e4 42. Qg5 Qd3+ 43. Kf2 Qxc3 44. Qh5 Rf8+ 45. Ke2 Qd3+ 46. Ke1 Rf1# 0-1

[Event "December 19 Early 2023"]
[Site "https://www.chess.com"]
[Date "2023.12.19"]
[Round "8"]
[White "Postny, Evgeny"]
[Black "Deng, Henry"]
[Result "1-0"]
[Board "63"]
[TimeControl "180+1"]
[WhiteFideId "2804344"]
[BlackFideId "30965454"]
[WhiteElo "2505"]
[BlackElo "2579"]
[WhiteTeam "ISR"]
[BlackTeam "USA"]
[WhiteClock "0:01:47"]
[BlackClock "0:01:34"]

1. e4 c5 2. Nf3 e6 3. d4 cxd4 4. Nxd4 Nf6 5. Nc3 Nc6 6. Nxc6 bxc6 7. e5 Nd5 8. Ne4 Bb7 9. Bd3 c5 10. O-O Qc7 11. f4 c4 12. Be2 Be7 13. Kh1 O-O 14. Bf3 f5 15. exf6 Nxf6 16. Qe2 Nxe4 17. Bxe4 Rac8 18. Bd2 Bxe4 19. Qxe4 Qc6 20. Qe2 Bf6 21. Rab1 Qa4 22. Bc3 Qxa2 23. Ra1 Qxa1 24. Rxa1 Bxc3 25. bxc3 Rc7 26. g3 Re8 27. Qe5 Rb7 28. Qc5 d5 29. Rxa7 Rxa7 30. Qxa7 Kf8 31. Qd7 Re7 32. Qd6 Kf7 33. f5 exf5 34. Qxd5+ Kf6 35. Qxc4 Re1+ 36. Kg2 Rc1 37. Qd4+ Kg6 38. Qd6+ Kh5 39. Qd2 Rb1 40. c4 Rb8 41. c5 Rc8 42. Qe2+ Kg5 43. Qe7+ Kg4 44. Qh4# 1-0